 Dungeon Crawl Stone Soup version 0.20-a0-1124-g2e29d97 (webtiles) character file.

86545 ROMMELLING the Bludgeoner (level 15, -1/193 HPs)
             Began as a Naga Berserker on May 15, 2017.
             Was the Champion of Trog.
             Slain by a red ugly thing (10 damage)
             ... on level 14 of the Dungeon.
             The game lasted 02:29:06 (31146 turns).

ROMMELLING the Bludgeoner (Naga Berserker)         Turns: 31146, Time: 02:29:06

Health: -1/193     AC: 20    Str: 40    XL:     15   Next: 87%
Magic:  15/15      EV:  8    Int: 12    God:    Trog [******]
Gold:   1707       SH:  0    Dex: 14    Spells: 14/14 levels left

rFire    + . .     SeeInvis +   D - +5 great mace (holy) {god gift}
rCold    . . .     Gourm    .   (shield currently unavailable)
rNeg     . . .     Faith    .   U - +0 chain mail {MR+}
rPois    +         Spirit   .   M - +2 hat {MR+}
rElec    +         Reflect  .   B - +2 cloak
rCorr    .         Harm     .   G - +1 pair of gloves of Integrity {rPois Str+4 SInv}
MR       +++..                  c - +4 naga barding "Ziuffef" {*Drain Dex+4}
Stlth    ..........             (no amulet)
Regen    0.5/turn               X - ring of Ithiqan {rElec rPois rF+ Int+4}
MPRegen  0.2/turn               I - +5 ring of strength (curse)

@: berserking (expiring), corroded, starving, quick
A: see invisible, deformed body, poison resistance, slowness 2, slow metabolism
1, spit poison 1, constrict 1, AC +5
a: Spit Poison, Berserk, Trog's Hand, Brothers in Arms, Burn Spellbooks,
Renounce Religion


You were on level 14 of the Dungeon.
You worshipped Trog.
Trog was exalted by your worship.
You were starving.

You visited 3 branches of the dungeon, and saw 21 of its levels.
You also visited: Ice Cave.

You collected 1707 gold pieces.

Inventory:

Hand Weapons
 D - a +5 great mace of holy wrath (weapon) {god gift}
Armour
 c - the +4 naga barding "Ziuffef" (worn) {*Drain Dex+4}
   (You acquired it on level 6 of the Lair of Beasts)

   It affects your dexterity (+4).
   It causes draining when unequipped.
 B - a +2 cloak (worn)
 G - the +1 pair of gloves of Integrity (worn) {rPois Str+4 SInv}
   (You acquired it on level 7 of the Dungeon)

   It affects your strength (+4).
   It protects you from poison.
   It lets you see invisible.
 M - a +2 hat of magic resistance (worn)
 R - a +2 large shield
 U - a +0 chain mail of magic resistance (worn)
Jewellery
 n - an uncursed ring of positive energy {unknown}
 I - a cursed +5 ring of strength (right hand)
 X - the ring of Ithiqan (left hand) {rElec rPois rF+ Int+4}
   (You found it on level 2 of the Lair of Beasts)

   [ring of protection from fire]

   It affects your intelligence (+4).
   It protects you from fire.
   It insulates you from electricity.
   It protects you from poison.
Wands
 f - a wand of confusion (21/48)
 h - a wand of acid (11/15)
Scrolls
 a - a scroll of enchant armour
 b - a scroll of identify
 j - 3 scrolls of fog
 t - 2 scrolls of teleportation
 A - a scroll of fear
 C - 8 scrolls of remove curse
 F - a scroll of blinking
 H - 3 scrolls of recharging
 J - a scroll of brand weapon {unknown}
 K - 3 scrolls of enchant weapon
 T - a scroll of immolation {unknown}
Potions
 d - 15 potions of curing
 g - 3 potions of flight
 l - 6 potions of brilliance
 o - a potion of magic
 p - 3 potions of heal wounds
 q - a potion of agility
 w - 3 potions of haste
 x - 2 potions of cancellation
 z - 2 potions of ambrosia
 E - 4 potions of lignification
 L - a potion of berserk rage
 Q - 2 potions of degeneration
 V - a potion of experience
 Y - 3 potions of might
Books
 e - a book of Minor Magic

   Spells                             Type                      Level
   a - Magic Dart                     Conjuration                  1
   b - Blink                          Translocation                2
   c - Call Imp                       Summoning                    2
   d - Slow                           Hexes                        2
   e - Conjure Flame                  Conjuration/Fire             3
   f - Mephitic Cloud                 Conjuration/Poison/Air       3
   Trog disapproves of the use of such an item.
Miscellaneous
 i - a phial of floods
 r - a lightning rod (4/4)
 O - a lightning rod (4/4)
 S - a phantom mirror
Comestibles
 k - 14 royal jellies
 m - a meat ration
 s - 13 fruits
 P - 8 bread rations


   Skills:
 - Level 7.0 Fighting
 + Level 19.3 Maces & Flails
 - Level 13.8 Armour
 - Level 4.0 Dodging
 - Level 3.4 Shields


You had 14 spell levels left.
You didn't know any spells.

Dungeon Overview and Level Annotations

Branches:
Dungeon (14/15) Temple (0/1) D:4 Lair (6/6) D:9 Swamp (0/4) Lair:4 Snake (0/4) Lair:2 Slime (0/5) Lair:6 Orc (1/2) D:9 Vaults (0/5) D:13 D:14

Altars:
Ru

Shops:
D:13 *   Orc:1 **


Innate Abilities, Weirdness & Mutations

You cannot wear boots.
Your serpentine skin is tough. (AC +5)
You have supernaturally acute eyesight. (SInv)
Armour fits poorly on your strangely shaped body.
Your system is resistant to poisons. (rPois)
You cover ground very slowly.
You have a slow metabolism.
You can spit poison.
You can use your snake-like lower body to constrict enemies.


Message History

You take 18 damage, and have 89/129 hp.
You hit the brown ugly thing. You constrict the red ugly thing.
The red ugly thing barely misses you. The red ugly thing tentacle-slaps you!
You are engulfed in flames!
You resist.
* * * LOW HITPOINT WARNING * * *
The brown ugly thing tail-slaps you.
* * * LOW HITPOINT WARNING * * *
The acid corrodes you!
You are splashed with acid!
The acid burns!
* * * LOW HITPOINT WARNING * * *
You take 37 damage, and have 52/129 hp.
MASSIVE DAMAGE!!
A red film seems to cover your vision as you go berserk!
You feel yourself moving faster!
You feel mighty!
You are near starving!
You constrict the red ugly thing! The red ugly thing trunk-slaps you!
* * * LOW HITPOINT WARNING * * *
You are engulfed in flames!
You resist.
* * * LOW HITPOINT WARNING * * *
The red ugly thing tentacle-slaps you but does no damage.
The brown ugly thing tail-slaps you!
* * * LOW HITPOINT WARNING * * *
The acid corrodes you!
You are splashed with acid!
The acid burns!
* * * LOW HITPOINT WARNING * * *
You now have 38/193 hp.
You hit the brown ugly thing but do no damage.
You constrict the red ugly thing. You sock the brown ugly thing!
You constrict the red ugly thing!
The red ugly thing trunk-slaps you but does no damage.
You hit the brown ugly thing but do no damage.
You constrict the red ugly thing.
You are starving!
The red ugly thing tentacle-slaps you but does no damage.
The brown ugly thing tail-slaps you!
* * * LOW HITPOINT WARNING * * *
You are splashed with acid!
The acid burns!
* * * LOW HITPOINT WARNING * * *
You take 19 damage, and have 20/193 hp.
You barely miss the brown ugly thing. You constrict the red ugly thing.
The red ugly thing trunk-slaps you but does no damage.
You bludgeon the brown ugly thing!! You constrict the red ugly thing.
The brown ugly thing basks in the mutagenic energy from its kin and changes!
The red ugly thing tentacle-slaps you but does no damage.
You hammer the red ugly thing like a gong!!!
You kill the red ugly thing!
Trog accepts your kill.
You constrict the red ugly thing. The red ugly thing trunk-slaps you.
* * * LOW HITPOINT WARNING * * *
You are engulfed in flames!
You resist.
* * * LOW HITPOINT WARNING * * *
You take 9 damage, and have 11/193 hp.
You closely miss the red ugly thing. You constrict the red ugly thing.
The red ugly thing tentacle-slaps you but does no damage.
You closely miss the red ugly thing. You constrict the red ugly thing.
You release your grip on the red ugly thing.
The red ugly thing trunk-slaps you but does no damage.
You completely miss the red ugly thing. You grab the red ugly thing.
You constrict the red ugly thing. The red ugly thing trunk-slaps you.
* * * LOW HITPOINT WARNING * * *
You are engulfed in flames!
You resist.
You die...

...........................#
...........................#
#####÷|##################..#
# #..# #..# # #(.# #..#
#####(.##################..#
.....(.(...................#
...((............u.........#
.###########....@u†........#
.# #..############.# .# #..#
#.# .# #..# #.#
.###########..# #.#
.....)).......############.#
.....).....................#
...............###########.#
..############.# #.#


You could see 2 ugly things.

Vanquished Creatures
  Agnes (D:14)
  Gastronok (D:10)
  A sphinx (D:13)
  A dire elephant (Lair:6)
  2 fire dragons
  A catoblepas (Lair:6)
  10 hydras
  A centaur warrior (D:13)
  5 two-headed ogres
  4 death yaks (Lair:5)
  A tengu warrior (D:14)
  Urug (D:14)
  Nergalle (D:11)
  The ghost of heteroy the Fighter, a novice DsHu of Gozag (D:9)
  2 unseen horrors (D:10)
  A swamp dragon (Lair:6)
  A deep elf mage (D:12)
  4 oklob plants (Lair:2)
  11 ugly things
  3 manticores
  7 cyclopes
  3 centaur zombies
  An ice statue (IceCv)
  5 black mambas
  20 spiny frogs
  6 rime drakes
  2 efreet
  6 komodo dragons
  2 ice devils (Lair:6)
  A tengu conjurer (D:14)
  7 trolls
  9 polar bears
  11 blink frogs
  19 hippogriffs
  2 raiju (Lair:6)
  3 slime creatures (D:13)
  Sigmund (D:4)
  A shadow (D:13)
  A wraith (D:12)
  20 yaks
  16 humans (D:13)
  8 wyverns
  6 basilisks
  4 hungry ghosts
  5 steam dragons
  2 vampire mosquitoes (D:13)
  7 wargs
  5 nagas (Lair:2)
  13 water moccasins
  A soldier ant (shapeshifter) (D:13)
  4 acid dragons
  12 hell hounds (Lair:6)
  A swamp drake (Lair:6)
  4 porcupines
  15 ice beasts
  8 ogres
  8 orc warriors
  7 sky beasts
  3 phantoms
  13 black bears
  23 wolves
  13 centaurs
  15 crocodiles
  A big kobold (D:8)
  19 bullfrogs
  2 gnoll sergeants
  A wyvern zombie (D:10)
  3 wyvern skeletons
  A water moccasin skeleton (D:6)
  5 scorpions
  13 killer bees
  4 howler monkeys
  4 electric eels
  14 wights
  6 crimson imps
  A bullfrog zombie (D:6)
  6 hounds
  3 quasits
  7 orc priests
  2 bullfrog skeletons
  Crazy Yiuf (D:5)
  3 centaur skeletons
  7 jellies
  13 orc wizards
  8 iguanas
  10 worker ants
  2 hell rats (Lair:5)
  A killer bee zombie (D:7)
  A hound zombie (D:7)
  A hound skeleton (D:7)
  A worker ant zombie (D:9)
  Robin (D:4)
  12 gnolls
  15 adders
  11 river rats (Lair:5)
  6 shadow imps
  An adder zombie (D:7)
  An adder skeleton (D:5)
  4 worms (D:2)
  A dart slug (D:2)
  7 leopard geckos
  48 orcs
  6 giant cockroaches
  15 goblins
  5 hobgoblins
  8 jackals
  5 quokkas
  3 ball pythons
  5 bats
  5 frilled lizards
  A giant cockroach zombie (D:5)
  A jackal skeleton (D:6)
  14 kobolds
  A leopard gecko skeleton (D:4)
  A quokka skeleton (D:4)
  10 rats
  13 fungi
  15 plants
728 creatures vanquished.

Vanquished Creatures (collateral kills)
  A hydra (D:9)
  A troll (D:9)
  2 polar bears (Lair:6)
  A yak (D:13)
  2 hell hounds (Lair:6)
  A black bear (Lair:6)
  2 wolves (D:9)
  An orc wizard (D:9)
  A worker ant (D:9)
12 creatures vanquished.

Vanquished Creatures (others)
  28 fungi
  31 plants
59 creatures vanquished.

Grand Total: 799 creatures vanquished

Notes
Turn   | Place    | Note
-------+----------+-------------------------------------------
     0 | D:1      | ROMMELLING the Naga Berserker began the quest for the Orb.
     0 | D:1      | Reached XP level 1. HP: 21/21 MP: 1/1
     2 | D:1      | Noticed an electric eel
   661 | D:1      | Reached XP level 2. HP: 26/28 MP: 2/2
  1331 | D:2      | Reached skill level 2 in Dodging
  1536 | D:2      | Reached XP level 3. HP: 13/34 MP: 3/3
  2526 | D:2      | Reached XP level 4. HP: 37/42 MP: 4/4
  2955 | D:2      | Reached ** piety under Trog
  3344 | D:3      | Reached skill level 2 in Armour
  3495 | D:3      | Reached skill level 1 in Shields
  3733 | D:3      | Reached XP level 5. HP: 24/49 MP: 5/5
  4908 | D:4      | Noticed Robin
  4929 | D:4      | Killed Robin
  4930 | D:4      | Reached skill level 4 in Maces & Flails
  5157 | D:4      | Noticed Sigmund
  5171 | D:4      | Killed Sigmund
  5171 | D:4      | Reached skill level 4 in Fighting
  5171 | D:4      | Reached XP level 6. HP: 57/57 MP: 6/6
  5188 | D:4      | Found a staircase to the Ecumenical Temple.
  5541 | D:4      | Reached skill level 3 in Dodging
  5702 | D:5      | Entered Level 5 of the Dungeon
  5707 | D:5      | Reached skill level 2 in Shields
  5904 | D:5      | Reached XP level 7. HP: 37/66 MP: 7/7
  6150 | D:5      | Found a runed door.
  6156 | D:5      | Noticed Crazy Yiuf
  6161 | D:5      | Killed Crazy Yiuf
  6540 | D:5      | Reached skill level 3 in Armour
  6898 | D:5      | Reached *** piety under Trog
  6898 | D:5      | Reached skill level 5 in Maces & Flails
  7345 | D:5      | Reached skill level 5 in Fighting
  7345 | D:5      | Reached skill level 3 in Shields
  7345 | D:5      | Reached XP level 8. HP: 34/74 MP: 8/8
  8235 | D:7      | HP: 26/74 [gnoll/halberd (8)]
  8525 | D:7      | Zephanos: ?? dark maul
  8525 | D:7      | beem: dark maul[1/2]: +10 great mace of crushing with altered stats: 52 dam / -2 acc / 3.0 base delay / 1.65 min delay (with 27 m&f)
  8525 | D:7      | Zephanos: ?? dark maul [2
  8525 | D:7      | beem: dark maul[2/2]: !lg Caricature kaux~~dark_maul -tv:<0.2
  8778 | D:7      | HP: 40/111 [gnoll/halberd (9)]
  8786 | D:7      | HP: 20/74 [crimson imp/long sword (5)]
  8792 | D:7      | HP: 19/74 [hound skeleton (2)]
  8797 | D:7      | HP: 17/74 [black bear (2)]
  9096 | D:7      | Reached skill level 4 in Dodging
  9130 | D:7      | HP: 42/112 [gnoll/halberd (4)]
  9132 | D:7      | HP: 17/75 [killer bee zombie (5)]
  9375 | D:7      | Zephanos: ?? gnoll
  9376 | D:7      | beem: gnoll[1/5]: A fast-learning dog-like species. Their aptitudes start out at +4 in all skills, and after the skill is level 7, quickly decrease to -6 when the skill is level 11.
  9538 | D:7      | Zephanos: ?? trog wrath
  9540 | D:7      | beem: trog wrath[1/3]: ABANDONMENT: 50 penance. RETRIBUTION: 50% creates berserking hostiles from (iron troll, deep troll, troll, black bear, grizzly bear, stone giant, hill giant, ogre, two-headed ogre); 33% weakening effect (decay, STR loss, paralysis, slowing); 16% fire miscast.
  9571 | D:7      | Zephanos: ?? trog wrath [2
  9571 | D:7      | beem: trog wrath[2/3]: Not to be confused with the {Wrath of Trog}, which is an unrandart battleaxe.
  9571 | D:7      | Zephanos: ?? trog wrath [3
  9571 | D:7      | beem: trog wrath[3/3]: "Trog retribution" is an anagram of "bring torture to I."
  9571 | D:7      | Identified a scroll of acquirement
  9572 | D:7      | Got a pair of brightly glowing gloves
  9579 | D:7      | Identified the +1 pair of gloves of Integrity {rPois Str+4 SInv} (You acquired it on level 7 of the Dungeon)
  9816 | D:7      | Laraso: ??okawaru wrath
  9818 | D:7      | beem: okawaru wrath[1/3]: ABANDONMENT: 25 penance. RETRIBUTION: 1+XL/5 punishers, chosen from a list of various powerful humanoids and giants that scale with your XL. See {Okawaru Wrath[2]} for a full list.
  9831 | D:7      | Laraso: ??okawaru wrath[2
  9831 | D:7      | beem: okawaru wrath[2/3]: Orc, Gnoll, Ogre, Gnoll Sergeant, Two-Headed Ogre, Orc Warrior, Orc Knight, Hill Giant, Cyclops, Centaur Warrior, Naga Warrior, Tengu Warrior, Merfolk Impaler, Javelineer, Minotaur, Stone Giant, Deep Elf Knight, Orc Warlord, Fire Giant, Frost Giant, Deep Elf Blademaster, Deep Elf Master Archer, Draconian and Titan.
  9845 | D:7      | Reached skill level 4 in Armour
  9855 | D:7      | Reached skill level 6 in Maces & Flails
  9965 | D:7      | Laraso: ??okawaru wrath[3
  9966 | D:7      | beem: okawaru wrath[3/3]: Anagram for: Whoa! Kraut War!
 10055 | D:7      | Reached skill level 6 in Fighting
 10055 | D:7      | Reached XP level 9. HP: 72/82 MP: 9/9
 10145 | D:7      | Zephanos: ?? Qazlal wrath
 10149 | D:7      | beem: qazlal wrath[1/1]: 50% chance of making a loud noise (same as lightning bolt), then an independent 50% choice of either giving a random mutation of {rF-, rC-, rElec-} or summoning a number of XL-appropriate elemental-themed monsters.
 10275 | D:8      | Reached skill level 7 in Maces & Flails
 10630 | D:8      | Found a sacrificial altar of Ru.
 11055 | D:9      | Zephanos: ?? Elyvilon wrath
 11055 | D:9      | beem: elyvilon wrath[1/2]: No effect unless you are worshipping evil. Otherwise, confusion, poison miscasts (0-1), and mass inventory weapon disenchantment. While in penance, Elyvilon will also occasionally block your attacks. This does not reduce your penance.
 11069 | D:9      | HP: 49/123 [killer bee (1)]
 11074 | D:9      | HP: 42/123 [poisoned by a killer bee]
 11299 | D:9      | Zephanos: ?? Uskayaw wrath
 11301 | D:9      | beem: uskayaw wrath[1/1]: Uskayaw's wrath turns the powers of the dance against the offender. The prude will find their foes going berserk and will be forced to helplessly watch as foes execute their own solos. When the dance is getting too slow, Uskayaw will attempt to bring more revelers.
 11346 | D:9      | Reached skill level 8 in Maces & Flails
 11571 | D:9      | Noticed heteroy's ghost (novice DsHu)
 11619 | D:9      | HP: 31/82 [heteroy's ghost (6)]
 11621 | D:9      | Killed heteroy's ghost
 11621 | D:9      | Reached skill level 10 in Maces & Flails
 11699 | D:9      | Reached XP level 10. HP: 66/91 MP: 10/10
 11891 | D:9      | Reached **** piety under Trog
 11921 | D:9      | Found a staircase to the Orcish Mines.
 11953 | Orc:1    | Entered Level 1 of the Orcish Mines
 11977 | Orc:1    | Found Noutt's Assorted Antiques.
 11995 | Orc:1    | Found Isininot's General Store.
 12018 | Orc:1    | Reached skill level 11 in Maces & Flails
 12181 | Orc:1    | Noticed a deep elf mage
 12181 | Orc:1    | Noticed an orc warlord
 12183 | Orc:1    | Noticed an orc sorcerer
 12217 | D:9      | HP: 48/136 [orc/flail[an orc warlord] (10)]
 12222 | D:9      | HP: 37/136 [orc warrior/mace[an orc warlord] (5)]
 12299 | D:9      | HP: 36/91 [poisoned by a worker ant]
 12306 | D:9      | HP: 35/91 [poisoned by a worker ant]
 12313 | D:9      | HP: 35/91 [poisoned by a worker ant]
 12321 | D:9      | HP: 35/91 [poisoned by a worker ant]
 12806 | D:10     | Entered Level 10 of the Dungeon
 12853 | D:9      | HP: 34/91 [troll (9)]
 13138 | D:9      | Reached skill level 12 in Maces & Flails
 13222 | D:9      | Noticed a two-headed ogre
 13235 | D:9      | Killed a two-headed ogre
 13360 | D:9      | Reached skill level 13 in Maces & Flails
 13368 | D:9      | HP: 36/91 [scorpion (5)]
 13372 | D:9      | Reached XP level 11. HP: 33/97 MP: 11/11
 13375 | D:9      | HP: 32/97 [poisoned by a scorpion]
 13383 | D:9      | HP: 32/97 [poisoned by a scorpion]
 13848 | D:9      | Found a staircase to the Lair.
 13856 | Lair:1   | Entered Level 1 of the Lair of Beasts
 13866 | Lair:1   | Noticed a seven-headed hydra
 13876 | D:9      | HP: 38/97 [wolf (3)]
 13882 | D:9      | HP: 32/97 [wolf (4)]
 14093 | Lair:1   | HP: 33/97 [rime drake/flash freeze (17)]
 14098 | D:9      | HP: 36/145 [seven-headed hydra (1)]
 14100 | D:9      | HP: 12/145 [seven-headed hydra (8)]
 14100 | D:9      | Killed a seven-headed hydra
 14308 | D:9      | HP: 38/97 [poisoned by a killer bee]
 14313 | D:9      | HP: 31/97 [poisoned by a killer bee]
 14319 | D:9      | HP: 29/97 [poisoned by a killer bee]
 14326 | D:9      | HP: 28/97 [poisoned by a killer bee]
 14333 | D:9      | HP: 28/97 [poisoned by a killer bee]
 14341 | D:9      | HP: 28/97 [poisoned by a killer bee]
 14802 | Lair:1   | Reached skill level 14 in Maces & Flails
 15168 | Lair:1   | HP: 37/97 [blink frog (10)]
 16077 | Lair:2   | HP: 33/97 [naga/glaive (10)]
 16080 | Lair:2   | HP: 16/145 [naga/glaive (2)]
 16087 | Lair:2   | Reached skill level 15 in Maces & Flails
 16088 | Lair:2   | HP: 16/145 [poisoned by a naga (splash of poison)]
 16445 | Lair:2   | Found a staircase to the Snake Pit.
 16864 | Lair:2   | Noticed an oklob plant
 16864 | Lair:2   | Noticed an oklob plant
 16903 | Lair:2   | Noticed an oklob plant
 16904 | Lair:2   | Noticed an oklob plant
 16911 | Lair:2   | Killed an oklob plant
 16916 | Lair:2   | Killed an oklob plant
 16927 | Lair:2   | Killed an oklob plant
 16927 | Lair:2   | Reached XP level 12. HP: 67/105 MP: 12/12
 16948 | Lair:2   | Got a faintly glowing tin ring
 16980 | Lair:2   | Identified the ring of Ithiqan {rElec rPois rF+ Int+4} (You found it on level 2 of the Lair of Beasts)
 17150 | Lair:2   | Reached skill level 16 in Maces & Flails
 17583 | Lair:3   | Noticed a four-headed hydra
 17594 | Lair:3   | Killed a four-headed hydra
 17594 | Lair:3   | Reached skill level 5 in Armour
 18053 | Lair:3   | Reached skill level 6 in Armour
 18090 | Lair:3   | Reached ***** piety under Trog
 18299 | Lair:3   | Reached skill level 7 in Armour
 18534 | Lair:3   | Noticed a four-headed hydra
 18544 | Lair:3   | Killed a four-headed hydra
 18987 | Lair:4   | Reached skill level 8 in Armour
 19156 | Lair:4   | Found a staircase to the Swamp.
 20274 | Lair:5   | Noticed a death yak
 20274 | Lair:5   | Noticed a death yak
 20280 | Lair:5   | Noticed a death yak
 20288 | Lair:5   | Noticed a death yak
 20292 | Lair:5   | Killed a death yak
 20292 | Lair:5   | Reached skill level 9 in Armour
 20292 | Lair:5   | Gained mutation: You can use your snake-like lower body to constrict enemies. [Naga growth]
 20292 | Lair:5   | Reached XP level 13. HP: 111/111 MP: 13/13
 20317 | Lair:5   | HP: 37/111 [death yak (12)]
 20783 | Lair:5   | Reached skill level 10 in Armour
 21397 | Lair:6   | Entered Level 6 of the Lair of Beasts
 21397 | Lair:6   | Found a staircase to the Slime Pits.
 21468 | Lair:6   | HP: 59/166 [six-headed hydra (9)]
 21671 | Lair:6   | Reached skill level 11 in Armour
 21792 | Lair:6   | Found a frozen archway.
 21813 | IceCv    | Entered an ice cave
 22059 | IceCv    | HP: 37/111 [ice beast[an ice statue] (12)]
 22597 | Lair:6   | Laraso: ??constrict
 22599 | Lair:6   | beem: constriction[1/6]: Nagas, octopodes (both player and monster), ball pythons, anacondas, tentacles- both vanilla and eldritch flavours- and tentacled monstrosities get this as an extra attack. Holds the target in place and deals increasing damage over time.
 22618 | Lair:6   | Reached skill level 12 in Armour
 22624 | Lair:6   | Laraso: ??constrict[2
 22624 | Lair:6   | beem: constriction[2/6]: Players and monsters can only constrict things of the same size or smaller. Teleporting allows you to escape and break constriction. Blinking counts as two escape attempts for escaping (see next entry).
 22715 | Lair:6   | Laraso: ??constrict[3
 22715 | Lair:6   | beem: constriction[3/6]: Chance to constrict depends on the attacker's size and strength/HD versus the defenders size and EV. The chance to escape depends on str, size and number of escape attempts versus the constrictor's strength or HD.
 22718 | Lair:6   | Noticed a fire dragon
 22759 | Lair:6   | Killed a fire dragon
 23110 | Lair:6   | Reached XP level 14. HP: 119/120 MP: 14/14
 23285 | Lair:6   | Reached ****** piety under Trog
 23331 | Lair:6   | Laraso: ??constrict[4
 23331 | Lair:6   | beem: constriction[4/6]: Using tomahawks of dispersal on the thing constricting you allows escape (for now). Also: polymorphing it; becoming larger than it; invoking sanctuary; moving it with tornado.
 23340 | Lair:6   | Received a gift from Trog
 23343 | Lair:6   | Laraso: ??constrict[5
 23343 | Lair:6   | beem: constriction[5/6]: Octopodes can constrict up to eight creatures, depending on what they are wielding; others can constrict only one.
 23368 | Lair:6   | Reached skill level 13 in Armour
 23599 | Lair:6   | Laraso: ??constrict[6
 23601 | Lair:6   | beem: constriction[6/6]: Constricted monsters have their EV divided by [their body size] + 2. A tiny monster has its ev divided by 2, a little monster 3, small 4, medium 5, large 6, big 7, giant 8. Constricted players always have their EV reduced by 3.
 23723 | Lair:6   | Noticed a dire elephant
 23737 | Lair:6   | Killed a dire elephant
 24188 | Lair:6   | Got a slimy naga barding
 24199 | Lair:6   | Identified the +4 naga barding "Ziuffef" {*Drain Dex+4} (You acquired it on level 6 of the Lair of Beasts)
 24199 | Lair:6   | cerealjynx: yayaaayy *drain the best
 24526 | Lair:6   | Received a gift from Trog
 24657 | Lair:6   | Reached skill level 7 in Fighting
 24730 | Lair:5   | HP: 40/123 [eight-headed hydra (10)]
 25503 | D:10     | Noticed Gastronok
 25522 | D:10     | Killed Gastronok
 25792 | D:10     | ROMMELLING: yup
 26204 | D:11     | Vanquol: ?Laraso
 26225 | D:11     | Vanquol: ??Laraso
 26226 | D:11     | beem: I don't have a page labeled Laraso in my learndb.
 26275 | D:11     | Received a gift from Trog
 26278 | D:11     | Vanquol: ??Gnoll
 26278 | D:11     | beem: gnoll[1/5]: A fast-learning dog-like species. Their aptitudes start out at +4 in all skills, and after the skill is level 7, quickly decrease to -6 when the skill is level 11.
 26341 | D:11     | Noticed Nergalle
 26346 | D:11     | Killed Nergalle
 26346 | D:11     | Reached skill level 17 in Maces & Flails
 26620 | D:11     | Laraso: ??gnoll[2
 26625 | D:11     | beem: gnoll[2/5]: Player gnolls also have fangs 1 and can detect any items within 7 tiles with their strong nose. Base stats of 7 STR/8 INT/9 DEX with increases of sid/5, +2 MR/level, and baseline XP/HP/MP values.
 26719 | D:11     | Reached XP level 15. HP: 124/129 MP: 15/15
 27080 | D:11     | Zephanos: ?? chaos knight reasons
 27081 | D:11     | beem: chaos knight reasons[1/2]: You get to start with Xom!
 27121 | D:11     | Zephanos: ?? chaos knight reasons [2
 27122 | D:11     | beem: chaos knight reasons[2/2]: You want to be a KoCK.
 27142 | D:12     | Zephanos: ?? xom reasons
 27143 | D:12     | beem: xom reasons[1/2]: Who needs reasons when you've got Xom?
 27163 | D:12     | Zephanos: ?? xom unreasons
 27163 | D:12     | beem: xom reasons[1/2]: Who needs reasons when you've got Xom?
 27238 | D:12     | Zephanos: ?? xom unreasons [2
 27238 | D:12     | beem: xom unreasons[2/5]: Xom's power touches on a nearby weapon! The centaur's shortbow is briefly surrounded by a scintillating aura of random colours! The centaur wields a shortbow of chaos! The centaur shoots an arrow! The arrow hits you! You suddenly lose the ability to move!!!
 27278 | D:12     | Zephanos: ?? xom unreasons [3
 27289 | D:12     | beem: xom unreasons[3/5]: Xom notices you! You are cast into the Abyss!!! Xom roars with laughter!!!
 27311 | D:12     | Zephanos: ?? xom unreasons [4
 27313 | D:12     | beem: xom unreasons[4/5]: see {xom_reasons[11]}
 27331 | D:12     | Zephanos: ?? xom unreasons [5
 27334 | D:12     | beem: xom unreasons[5/5]: "Try this." You sense a hostile presence. A Tzitzimitl comes into view. The Tzitzimitl gestures at you. You convulse! You die...
 27514 | D:12     | Zephanos: ?? xom reasons [11
 27514 | D:12     | beem: I don't have a page labeled xom_reasons[11] in my learndb.
 27869 | D:12     | Vanquol: !subscribe
 27869 | D:12     | beem: Subscribed. I will now watch all games of user Vanquol
 27945 | D:13     | Found Lakeemamue's General Store.
 28177 | D:13     | Received a gift from Trog
 28269 | D:13     | Noticed a sphinx
 28275 | D:13     | Killed a sphinx
 28292 | D:13     | Reached skill level 18 in Maces & Flails
 28295 | D:13     | HP: 47/129 [eight-headed hydra (8)]
 28298 | D:13     | HP: 23/129 [eight-headed hydra (1)]
 28312 | D:13     | HP: 27/129 [quasit (1)]
 28316 | D:13     | HP: 13/129 [cyclops (16)]
 29500 | D:14     | Found a gate to the Vaults.
 29500 | D:14     | Noticed Urug
 29506 | D:13     | ROMMELLING: well then
 30038 | D:14     | Killed Urug
 30378 | D:14     | Received a gift from Trog
 30483 | D:14     | Noticed Agnes
 30493 | D:14     | Killed Agnes
 30608 | D:14     | Reached skill level 19 in Maces & Flails
 31136 | D:14     | HP: 71/193 [red ugly thing (7)]
 31139 | D:14     | HP: 28/193 [brown ugly thing (11)]
 31142 | D:14     | HP: 11/193 [red ugly thing (7)]
 31146 | D:14     | Slain by a red ugly thing

Vault maps used:
D:1:      arrival_aquarium_a, serial_bayou, serial_bayou_crossing,
          serial_bayou_shore_b, serial_bayou_pond_c, serial_bayou_pond_d
D:2:      minmay_wonky_spiral
D:3:      lexackson_kobold_supper
D:4:      minmay_temple_entry_glass, uniq_robin, uniq_sigmund
D:5:      first_bread, uniq_crazy_yiuf_cottage
D:8:      old_standard_altar
D:9:      dpeg_oklobed_lair, david_orc_2, the_bakery, minmay_joined_circles
D:10:     minmay_misc_feat_four_crosses, minmay_tree_intersection,
          uniq_gastronok
D:11:     minmay_statues_item, uniq_nergalle
D:13:     minmay_connected_boxes_in_corner, serial_shops, shop,
          minmay_misc_feat_tiny
D:14:     david_vaults_3, uniq_agnes
Lair:2:   minmay_snake_entry_guardpost_medium, grunt_megastairs_1,
          minmay_lair_oklob_chamber
Lair:3:   minmay_stone_trees_small, beast_lair_carwin_9
Lair:4:   minmay_swamp_entry_eels
Lair:5:   kennysheep_rathole
Lair:6:   hangedman_lair_caniforms_friends, guppyfry_lair_end_dragon,
          slime_dummy, special_room, portal_ice_cave_demonic_guard
Orc:1:    serial_shops, shop, shop, shop, shop, shop, elf_legates
IceCv:    ice_cave_statue_garden_chambered

Skill      XL: |  1  2  3  4  5  6  7  8  9 10 11 12 13 14 15 |
---------------+----------------------------------------------+-----
Dodging        | 2 3 4 |  4.0
Armour         | 2 3 4 9 12 13 | 13.8
Shields        | 1 2 3 |  3.4
Maces & Flails | 4 5 6 10 13 15 16 17 19 | 19.3
Fighting       | 4 5 6 7 |  7.0

Action                   |  1- 3 |  4- 6 |  7- 9 | 10-12 | 13-15 || total
-------------------------+-------+-------+-------+-------+-------++-------
Melee: Mace              |   118 |       |       |       |       ||   118
       Dire flail        |    35 |   400 |    43 |       |       ||   478
       Morningstar       |       |       |   396 |   773 |   680 ||  1849
       Constrict         |       |       |       |       |   249 ||   249
       Great mace        |       |       |       |       |   567 ||   567
Invok: Berserk           |     1 |     2 |     9 |    11 |     9 ||    32
       Trog's Hand       |       |     2 |     3 |     2 |       ||     7
       Burn Spellbooks   |       |       |     1 |       |     2 ||     3
       Brothers in Arms  |       |       |       |     3 |     3 ||     6
  Use: Scroll            |     3 |     3 |     8 |    13 |    11 ||    38
       Potion            |       |       |     2 |     4 |     2 ||     8
 Stab: Invisible         |       |       |       |     5 |       ||     5
  Eat: Chunk             |     4 |     8 |    10 |     6 |    19 ||    47
       Bread ration      |       |     1 |     3 |     4 |       ||     8
       Fruit             |       |       |     2 |       |     2 ||     4
       Meat ration       |       |       |       |     2 |     4 ||     6
Armor: Animal skin       |    31 |       |       |       |       ||    31
       Chain mail        |    34 |   199 |       |   117 |   998 ||  1348
       Ring mail         |     4 |       |       |       |       ||     4
       Scale mail        |       |    22 |   124 |       |       ||   146
       Plate armour      |       |       |   114 |   330 |       ||   444
Dodge: Dodged            |    50 |   154 |   135 |   134 |   304 ||   777
Block: Shield            |    31 |       |   223 |   236 |       ||   490
       Large shield      |       |       |       |   281 |   672 ||   953

Table legend:
 A = Kills in this place as a percentage of kills in entire the game.
 B = Kills by you in this place as a percentage of kills by you in the entire game.
 C = Kills by friends in this place as a percentage of kills by friends in the entire game.
 D = Other kills in this place as a percentage of other kills in the entire game.
 E = Experience gained in this place as a percentage of experience gained in the entire game.
 F = Experience gained in this place divided by the number of levels of this place that you have seen.
                   A       B       C       D       E      F
               +-------+-------+-------+-------+-------+----------------------
         Total | 100.0 | 100.0 | 100.0 |  -nan | 100.0 | 5619.9
       Dungeon |  64.0 |  64.1 |  58.3 |  -nan |  47.8 | 4224.0
          Lair |  33.8 |  33.7 |  41.7 |  -nan |  50.1 | 10320.2
  Orcish Mines |   1.0 |   1.0 |   0.0 |  -nan |   0.6 | 761.0
      Ice Cave |   1.1 |   1.1 |   0.0 |  -nan |   1.5 | 1819.0
               +-------+-------+-------+-------+-------+----------------------

Table legend:
 A = Turns spent in this place as a percentage of turns spent in the entire game.
 B = Non-inter-level travel turns spent in this place as a percentage of non-inter-level travel turns spent in the entire game.
 C = Inter-level travel turns spent in this place as a percentage of turns spent in this place.
 D = Turns resting spent in this place as a percentage of non-inter-level travel turns spent in this place.
 E = Turns spent auto-exploring this place as a percentage of non-inter-level travel turns spent in this place.
 F = Non-inter-level travel turns spent in this place divided by the number of levels of this place that you've seen.
                   A       B       C       D       E      F
               +-------+-------+-------+-------+-------+----------------------
         Total | 100.0 | 100.0 |   0.0 |   4.3 |   1.6 | 590.5
       Dungeon |  64.1 |  64.1 |   0.0 |   4.1 |   1.8 | 594.5
          Lair |  33.9 |  33.9 |   0.0 |   4.3 |   1.4 | 733.2
  Orcish Mines |   1.0 |   1.0 |   0.0 |   5.2 |   0.0 | 135.0
      Ice Cave |   1.0 |   1.0 |   0.0 |  12.0 |   0.0 | 133.0
               +-------+-------+-------+-------+-------+----------------------

Vault maps used:
D:1:      arrival_aquarium_a, serial_bayou, serial_bayou_crossing,
          serial_bayou_shore_b, serial_bayou_pond_c, serial_bayou_pond_d
D:2:      minmay_wonky_spiral
D:3:      lexackson_kobold_supper
D:4:      minmay_temple_entry_glass, uniq_robin, uniq_sigmund
D:5:      first_bread, uniq_crazy_yiuf_cottage
D:8:      old_standard_altar
D:9:      dpeg_oklobed_lair, david_orc_2, the_bakery, minmay_joined_circles
D:10:     minmay_misc_feat_four_crosses, minmay_tree_intersection,
          uniq_gastronok
D:11:     minmay_statues_item, uniq_nergalle
D:13:     minmay_connected_boxes_in_corner, serial_shops, shop,
          minmay_misc_feat_tiny
D:14:     david_vaults_3, uniq_agnes
Lair:2:   minmay_snake_entry_guardpost_medium, grunt_megastairs_1,
          minmay_lair_oklob_chamber
Lair:3:   minmay_stone_trees_small, beast_lair_carwin_9
Lair:4:   minmay_swamp_entry_eels
Lair:5:   kennysheep_rathole
Lair:6:   hangedman_lair_caniforms_friends, guppyfry_lair_end_dragon,
          slime_dummy, special_room, portal_ice_cave_demonic_guard
Orc:1:    serial_shops, shop, shop, shop, shop, shop, elf_legates
IceCv:    ice_cave_statue_garden_chambered
